 Dungeon Crawl Stone Soup version 0.23-a0-639-ga9a3373 (webtiles) character file.

603 MisterFreud the Ruffian (level 7, -1/62 HPs)
             Began as a Troll Hunter on Dec 29, 2018.
             Slain by an iguana (12 damage)
             ... on level 5 of the Dungeon.
             The game lasted 00:04:56 (2967 turns).

MisterFreud the Ruffian (Troll Hunter)              Turns: 2967, Time: 00:04:57

Health: -1/62      AC:  6    Str: 23    XL:     7   Next: 18%
Magic:  6/6        EV: 10    Int:  7    God:
Gold:   220        SH:  0    Dex: 10    Spells: 6/6 levels left

rFire    . . .     SeeInvis +     - Unarmed
rCold    . . .     Gourm    +   (no shield)
rNeg     . . .     Faith    .   b - +0 robe
rPois    +         Spirit   .   (helmet restricted)
rElec    .         Reflect  .   p - +0 cloak (curse)
rCorr    .         Harm     .   (gloves unavailable)
MR       .....                  (boots unavailable)
Stlth    +.........             s - amulet of regeneration
HPRegen  1.00/turn              o - ring of poison resistance
MPRegen  0.10/turn              w - ring of see invisible

@: no status effects
A: large, unfitting armour, claws 3, fast metabolism 3, gourmand, regeneration
1, shaggy fur 1, tough skin 2
a: no special abilities


You were on level 5 of the Dungeon.
You were very full.

You visited 1 branch of the dungeon, and saw 5 of its levels.

You collected 220 gold pieces.

Inventory:

Missiles
 c - 5 large rocks (quivered)
 d - 2 throwing nets
 e - 165 stones
 n - 7 tomahawks of returning
Armour
 b - a +0 robe (worn)
 p - a cursed +0 cloak (worn)
 q - a cursed +0 large shield
Jewellery
 o - a ring of poison resistance (left claw)
 s - an amulet of regeneration (around neck)
 w - a ring of see invisible (right claw)
Scrolls
 a - 3 scrolls of remove curse {unknown}
 g - a scroll of amnesia {unknown}
 h - a scroll of identify
 i - 2 scrolls of teleportation {unknown}
 j - 2 scrolls of blinking {unknown}
 v - a scroll of fear {unknown}
Potions
 k - 2 potions of agility
 l - 2 potions of lignification
 m - a potion of haste
 r - a potion of curing
 t - a potion of mutation
 u - a potion of ambrosia
Comestibles
 f - 11 rations


   Skills:
 - Level 1.5 Fighting
 - Level 3.6 Throwing
 - Level 1.5 Dodging
 - Level 0.3 Stealth
 + Level 7.7 Unarmed Combat


You had 6 spell levels left.
You didn't know any spells.
Your spell library was empty.

Dungeon Overview and Level Annotations

Branches:
Dungeon (5/15)
 Temple: D:4-7

Altars:
Makhleb
Qazlal
Wu Jian

Annotations:
D:5 Grinder


Innate Abilities, Weirdness & Mutations

You are too large for most types of armour.
You have claws for hands.
Your metabolism is lightning-fast.
You like to eat raw meat.
Your natural rate of healing is unusually fast.
You are covered in fur. (AC +1)
You have very tough skin. (AC +2)


Message History

You suddenly lose the ability to move!
Grinder hits you. Grinder gestures at you. Pain shoots through your body!
The iguana bites you! Grinder hits you.
You writhe in agony.
The iguana bites you. Grinder hits you!
* * * LOW HITPOINT WARNING * * *
You writhe in agony.
* * * LOW HITPOINT WARNING * * *
A jackal comes into view.
The iguana bites you but does no damage.
Grinder hits you.
* * * LOW HITPOINT WARNING * * *
You writhe in agony.
* * * LOW HITPOINT WARNING * * *
You can move again.
Grinder blinks!
A jackal comes into view.
The iguana bites you!
You die...

#......#.######.#...
#.......#..........
.............####.#
############.#.....#
............##
######.......#
#..#....#####
#...._h......
#@##....#...#
##l####..# #..
###..# .....
##.(h#####......
#5...$..h.....#.#
........######...#.#
. .######.# .##..
..# ..##


You could see an iguana and 2 jackals.

Vanquished Creatures
  Sigmund (D:3)
  Edmund (D:4)
  An orc priest (D:5)
  Crazy Yiuf (D:3)
  2 orc wizards
  2 worker ants (D:4)
  2 hound skeletons
  5 adders
  A gnoll (D:4)
  2 oozes (D:3)
  3 worms
  3 dart slugs
  2 leopard geckos
  An orc (D:4)
  5 giant cockroaches
  8 goblins
  7 hobgoblins
  4 quokkas
  A ball python (D:3)
  6 bats
  2 frilled lizards (D:1)
  9 kobolds
  4 rats
73 creatures vanquished.

Notes
Turn   | Place    | Note
-------+----------+-------------------------------------------
     0 | D:1      | MisterFreud the Troll Hunter began the quest for the Orb.
     0 | D:1      | Reached XP level 1. HP: 19/19 MP: 0/0
    34 | D:1      | Reached skill level 1 in Unarmed Combat
   123 | D:1      | Reached XP level 2. HP: 27/27 MP: 1/1
   162 | D:1      | Reached skill level 2 in Unarmed Combat
   591 | D:2      | Reached XP level 3. HP: 32/33 MP: 2/2
   663 | D:2      | Reached skill level 3 in Unarmed Combat
   791 | D:2      | Found an ornate altar of the Wu Jian Council.
  1014 | D:3      | Found a stormy altar of Qazlal.
  1152 | D:3      | Reached XP level 4. HP: 32/41 MP: 3/3
  1189 | D:3      | Noticed Sigmund
  1216 | D:3      | Killed Sigmund
  1216 | D:3      | Reached skill level 5 in Unarmed Combat
  1216 | D:3      | Reached XP level 5. HP: 18/48 MP: 4/4
  1374 | D:3      | Found a runed door.
  1380 | D:3      | Noticed Crazy Yiuf
  1385 | D:3      | Killed Crazy Yiuf
  1385 | D:3      | Reached skill level 6 in Unarmed Combat
  1385 | D:3      | Reached XP level 6. HP: 36/55 MP: 5/5
  2544 | D:4      | Noticed Edmund
  2551 | D:4      | Killed Edmund
  2551 | D:4      | Reached skill level 7 in Unarmed Combat
  2846 | D:5      | Entered Level 5 of the Dungeon
  2856 | D:4      | Reached XP level 7. HP: 53/62 MP: 6/6
  2937 | D:5      | Found a burning altar of Makhleb.
  2953 | D:5      | Noticed Grinder
  2959 | D:5      | Paralysed by Grinder for 5 turns
  2967 | D:5      | Slain by an iguana

Vault maps used:
D:1:      minmay_arrival_checkered_box
D:2:      wander_river, lemuel_doored_altar, serial_glass, glass_columns_c,
          glass_columns_c, dk_noncrumbling_3
D:3:      grunt_qazlal_sundering, first_ration, uniq_crazy_yiuf_cottage,
          uniq_sigmund
D:4:      minmay_recursive_quarters, hangedman_decor_growths, uniq_edmund
D:5:      bloody_makhleb, uniq_ijyb, uniq_grinder

Skill      XL: |  1  2  3  4  5  6 |
---------------+-------------------+-----
Unarmed Combat | 1 2 3 5 6 7 |  7.7
Fighting       | |  1.5
Throwing       | |  3.6
Dodging        | |  1.5
Stealth        | |  0.3

Action                   |  1- 3 |  4- 6 |  7- 9 || total
-------------------------+-------+-------+-------++-------
Melee: Unarmed           |   123 |   102 |    14 ||   239
       Punch             |     1 |     2 |       ||     3
  Use: Potion            |       |     1 |       ||     1
       Scroll            |       |     5 |       ||     5
 Stab: Sleeping          |     2 |       |       ||     2
  Eat: Chunk             |    16 |    11 |     4 ||    31
Armor: Robe              |    63 |    23 |     5 ||    91
Dodge: Dodged            |    58 |    42 |     6 ||   106

Table legend:
 A = Non-vault XP
 B = Vault XP
 C = Vault XP percentage of total XP
 D = Non-vault monster count
 E = Vault monster count
 F = Vault count percentage of total count
                 A         B        C        D         E       F
            +---------+---------+-------+---------+---------+-------
      Total |     386 |     476 |  55.2 |      66 |       7 |   9.6
            +---------+---------+-------+---------+---------+-------
        D:1 |      34 |       0 |   0.0 |      18 |       0 |   0.0
        D:2 |      42 |       0 |   0.0 |      15 |       0 |   0.0
        D:3 |      76 |     271 |  78.1 |      20 |       2 |   9.1
        D:4 |     150 |     205 |  57.7 |      11 |       5 |  31.2
        D:5 |      84 |       0 |   0.0 |       2 |       0 |   0.0
            +---------+---------+-------+---------+---------+-------
